 Dungeon Crawl Stone Soup version 0.29.1-2-gbd0b4ee654 (webtiles) character file.

Game seed: 1705487448932618981

8117 RUZZLEFAZAZZLE the Blocker (level 11, -2/80 HPs)
             Began as a Gnoll Fighter on Nov 26, 2022.
             Was a High Priest of Okawaru.
             Killed by an exploding kobold (48 damage)
             ... ignited by their inner flame
             ... on level 10 of the Dungeon.
             The game lasted 00:29:55 (10353 turns).

RUZZLEFAZAZZLE the Blocker (Gnoll Fighter)         Turns: 10353, Time: 00:29:56

Health: -2/80      AC: 20    Str: 36    XL:     11   Next: 25%
Magic:  29/29      EV: 11    Int:  1    God:    Okawaru [*****.]
Gold:   503        SH: 12    Dex: 12    Spells: 22/22 levels left

rFire   . . .      SeeInvis .   b - +8 trident of the Octopus King {venom, rElec rPois}
rCold   + . .      Faith    .   F - +2 kite shield {reflect}
rNeg    . . .      Spirit   .   C - +8 scale mail of the Centipede {MP+9 Str+3}
rPois   +          Reflect  +   s - +0 helmet
rElec   +          Harm     .   q - +0 cloak
rCorr   .          Rampage  .   (no gloves)
Will    .....                   D - +0 pair of boots "Anoit" {rElec rC+ Regen+ Int-5}
Stlth   ++........              n - amulet of regeneration
HPRegen 1.83/turn               B - +6 ring of strength
MPRegen 0.21/turn               G - ring of Fen Doan {rPois Str+4}

@: no status effects
A: fangs 1, strong nose, distributed training, frail 1, strong 1
a: Renounce Religion, Heroism, Finesse, Duel


You were on level 10 of the Dungeon.
You worshipped Okawaru.
Okawaru was extremely pleased with you.
You visited 2 branches of the dungeon, and saw 11 of its levels.
You also visited: Ossuary.

You collected 951 gold pieces.
You spent 448 gold pieces at shops.

Inventory:

Hand Weapons
 a - a +1 war axe of flaming
 b - the +8 trident of the Octopus King (weapon) {venom, rElec rPois}
   (You acquired it on level 3 of the Dungeon)

   It poisons the flesh of those it strikes.
   rElec:     It insulates you from electricity.
   rPois:     It protects you from poison.
 l - a +2 hand axe
Missiles
 z - a silver javelin (quivered)
 K - a javelin
Armour
 j - a +0 plate armour
 q - a +0 cloak (worn)
 s - a +0 helmet (worn)
 C - the +8 scale mail of the Centipede (worn) {MP+9 Str+3}
   (You found it on level 6 of the Dungeon)

   Str:       It affects your strength (+3).
   MP:        It affects your magic capacity (+9).
 D - the +0 pair of boots "Anoit" (worn) {rElec rC+ Regen+ Int-5}
   (You acquired it on level 9 of the Dungeon)

   Int:       It affects your intelligence (-5).
   rC:        It protects you from cold.
   rElec:     It insulates you from electricity.
   Regen:     It increases your rate of health regeneration.
 F - a +2 kite shield of reflection (worn)
Jewellery
 n - an amulet of regeneration (around neck)
 B - a +6 ring of strength (left hand)
 G - the ring of Fen Doan (right hand) {rPois Str+4}
   (You acquired it on level 5 of the Dungeon)

   [ring of poison resistance]

   Str:       It affects your strength (+4).
   rPois:     It protects you from poison.
Wands
 g - a wand of mindburst (10)
 i - a wand of quicksilver (9)
 m - a wand of digging (12)
 o - a wand of flame (4)
Scrolls
 h - 2 scrolls of immolation
 p - 4 scrolls of amnesia
 t - 5 scrolls of fog
 y - 3 scrolls of teleportation
 A - 3 scrolls of blinking
 E - a scroll of identify
 I - 3 scrolls of silence
Potions
 d - 2 potions of might
 e - 4 potions of magic
 f - 4 potions of brilliance
 k - a potion of lignification
 r - 3 potions of haste
 v - a potion of resistance
 x - 5 potions of curing


   Skills:
 + Level 9.2 Fighting
 + Level 6.3 Short Blades
 + Level 6.3 Long Blades
 + Level 7.9 Axes
 + Level 6.3 Maces & Flails
 + Level 6.3 Polearms
 + Level 6.3 Staves
 + Level 6.3 Ranged Weapons
 + Level 6.3 Throwing
 + Level 9.2 Armour
 + Level 6.3 Dodging
 + Level 6.3 Stealth
 + Level 9.2 Shields
 + Level 6.3 Unarmed Combat
 + Level 6.3 Spellcasting
 + Level 5.2 Conjurations
 + Level 5.2 Hexes
 + Level 5.2 Summonings
 + Level 5.2 Necromancy
 + Level 5.2 Translocations
 + Level 5.2 Transmutations
 + Level 5.2 Fire Magic
 + Level 5.2 Ice Magic
 + Level 5.2 Air Magic
 + Level 5.2 Earth Magic
 + Level 5.2 Poison Magic
 + Level 7.0 Invocations
 + Level 6.3 Evocations


You had 22 spell levels left.
You didn't know any spells.
Your spell library contained the following spells:

 Spells                   Type           Power      Damage    Failure   Level
 Apportation              Tloc           2%         N/A       17%         1
 Corpse Rot               Necr/Pois/Air  1%         N/A       86%         4
 Dispel Undead            Necr           1%         3d6       86%         4
 Ice Form                 Ice/Tmut       1%         N/A       86%         4
 Borgnjor's Vile Clutch   Necr/Erth      0%         N/A       99%         5
 Irradiate                Conj/Tmut      0%         3d11      99%         5
 Dispersal                Tloc           0%         N/A       100%        6
 Statue Form              Tmut/Erth      0%         N/A       100%        6
 Animate Dead             Necr           Unusable   N/A       N/A         4
 Death Channel            Necr           Unusable   N/A       N/A         6

Dungeon Overview and Level Annotations

Branches:
Dungeon (10/15)            Temple (1/1) D:5            Lair (0/5) D:9
Ossuary (visited)
    Orc: D:9-12

Altars:
Ashenzari
Cheibriados
Dithmenos
Elyvilon
Fedhas
Gozag
Hepliaklqana
Kikubaaqudgha
Makhleb
Okawaru
Qazlal
Ru
Sif Muna
Trog
Uskayaw
Vehumet
Wu Jian
Xom
Yredelemnul
Zin
The Shining One

Shops:
D:5 *


Innate Abilities, Weirdness & Mutations

You have very sharp teeth.
Your uncanny sense of smell can sniff out nearby items.
Your experience applies equally to all skills.
You are frail. (-10% HP)
Your muscles are strong. (Str +4, Int/Dex -1)


Message History

You kill the catoblepas!
Okawaru is honoured by your kill.
Your Invocations skill increases to level 7!
You are engulfed in calcifying dust.
The kobold hits you but does no damage.
The kobold brigand hits you but does no damage.
The kobold hits you but does no damage.
The kobold brigand hits you but does no damage.
The kobold hits you but does no damage. x2
The kobold brigand hits you but does no damage.
You turn to flesh and can move again.
You barely miss the kobold. The kobold barely misses you.
You block the kobold's attack.
The kobold brigand hits you but does no damage.
You block the kobold's attack.
You barely miss the kobold.
The kobold brigand is no longer moving slowly.
You block the kobold's attack.
Really read the scroll of immolation? [Y]es or [N]o only, please.
Really read the scroll of immolation?
As you read the scroll of immolation, it crumbles to dust.
The creatures around you are filled with an inner flame!
Flame seeps out of the kobold brigand.
The kobold brigand is engulfed in blazing flames.
Okawaru accepts your kill.
The kobold brigand explodes!
The fiery explosion engulfs the kobold!! x3
The kobold explodes!
The fiery explosion engulfs the kobold!!!
The kobold explodes!
The fiery explosion engulfs the kobold!!
The kobold explodes! x2
The fiery explosion engulfs you!
The kobold explodes!
The kobold hits you but does no damage.
You hit the kobold.
The kobold explodes!
The fiery explosion engulfs you!!!
Ouch! That really hurt!
You die...

#.#........# #.........#
#. #........# ... ∆
#.......# .... ∆
##......# .....
##.......##......
##§.##............
##§.##.....##...... ∆
∆##§@##......# ###.
∆##○§##.......# #.
#§§##.####...#######.
#§§##.#####...##...##.
#.§§##..................
##.# .. ...########.≈≈≈≈
## ... #.≈... .. ∆
#.≈.## . #.≈.#.


There were no monsters in sight!

Vanquished Creatures
  A catoblepas (D:10)
  2 two-headed ogres (D:10)
  A cyclops (D:10)
  Maggie (D:7)
  The ghost of ripuliukko the Trooper, a novice GrFi of Okawaru (D:7)
  A hornet (D:7)
  A wyvern (D:9)
  A wraith (D:9)
  A steam dragon (D:6)
  Menkaure (D:7)
  2 acid dragons
  Edmund (D:4)
  A water moccasin (D:6)
  2 ice beasts
  2 orc warriors (D:10)
  A sky beast (D:8)
  3 black bears
  An ogre (D:7)
  A phantom (D:3)
  A centaur (D:8)
  3 kobold brigands
  3 bullfrogs
  7 necrophages
  4 scorpions
  A wyvern zombie (D:7)
  A water moccasin zombie (D:7)
  3 wights
  9 killer bees
  6 howler monkeys
  2 human zombies
  A bullfrog zombie (D:7)
  4 gnoll boudas
  8 orc priests
  3 hounds
  A jelly (D:6)
  An iguana (D:5)
  11 orc wizards
  10 mummies
  24 gnolls
  8 adders
  3 white imps (D:7)
  A worm (D:3)
  3 dart slugs
  16 orcs
  5 ball pythons
  7 endoplasms
  4 giant cockroaches
  5 hobgoblins
  3 jackals (D:1)
  22 kobolds
  2 quokkas
  6 bats
  4 frilled lizards
  3 gnoll zombies (Ossuary)
  12 goblins
  4 hobgoblin zombies (Ossuary)
  2 kobold zombies
  5 rats (D:1)
  A rat zombie (D:6)
244 creatures vanquished.

Notes
Turn   | Place    | Note
-------+----------+-------------------------------------------
     0 | D:1      | RUZZLEFAZAZZLE the Gnoll Fighter began the quest for the
                  | Orb.
     0 | D:1      | Reached XP level 1. HP: 23/23 MP: 1/1
    24 | D:1      | Reached XP level 2. HP: 13/29 MP: 2/2
   428 | D:1      | Reached XP level 3. HP: 35/35 MP: 3/3
   626 | D:1      | Reached skill level 1 in Invocations
   821 | D:2      | Reached skill level 1 in Short Blades
   821 | D:2      | Reached skill level 1 in Long Blades
   821 | D:2      | Reached skill level 1 in Maces & Flails
   821 | D:2      | Reached skill level 1 in Polearms
   821 | D:2      | Reached skill level 1 in Staves
   821 | D:2      | Reached skill level 1 in Ranged Weapons
   821 | D:2      | Reached skill level 1 in Throwing
   821 | D:2      | Reached skill level 1 in Dodging
   821 | D:2      | Reached skill level 1 in Stealth
   821 | D:2      | Reached skill level 1 in Unarmed Combat
   821 | D:2      | Reached skill level 1 in Spellcasting
   821 | D:2      | Reached skill level 1 in Evocations
   903 | D:2      | Reached XP level 4. HP: 30/41 MP: 5/5
  1106 | D:2      | Found a faded altar of an unknown god.
  1116 | D:2      | Reached skill level 1 in Conjurations
  1116 | D:2      | Reached skill level 1 in Hexes
  1116 | D:2      | Reached skill level 1 in Summonings
  1116 | D:2      | Reached skill level 1 in Necromancy
  1116 | D:2      | Reached skill level 1 in Translocations
  1116 | D:2      | Reached skill level 1 in Transmutations
  1116 | D:2      | Reached skill level 1 in Fire Magic
  1116 | D:2      | Reached skill level 1 in Ice Magic
  1116 | D:2      | Reached skill level 1 in Air Magic
  1116 | D:2      | Reached skill level 1 in Earth Magic
  1116 | D:2      | Reached skill level 1 in Poison Magic
  1116 | D:2      | Found a shimmering blue altar of Sif Muna.
  1791 | D:3      | Identified a scroll of acquirement
  1791 | D:3      | Acquired the +8 trident of the Octopus King {venom, rElec
                  | rPois}
  1791 | D:3      | Found the +8 trident of the Octopus King {venom, rElec
                  | rPois}
  1848 | D:3      | Reached XP level 5. HP: 30/47 MP: 5/7
  2347 | D:3      | Found a bloodstained altar of Trog.
  2444 | D:3      | Found an ornate altar of the Wu Jian Council.
  2628 | D:3      | Noticed a phantom
  2638 | D:3      | Killed a phantom
  2639 | D:3      | Reached XP level 6. HP: 53/53 MP: 8/8
  2714 | D:4      | Reached skill level 5 in Axes
  2722 | D:4      | Noticed Edmund
  2728 | D:4      | Killed Edmund
  3129 | D:4      | Found a snail-covered altar of Cheibriados.
  3227 | D:5      | Entered Level 5 of the Dungeon
  3264 | D:5      | Found a shimmering blue altar of Sif Muna.
  3288 | D:5      | Found a stormy altar of Qazlal.
  3307 | D:5      | Reached XP level 7. HP: 60/60 MP: 10/10
  3377 | D:5      | Found a staircase to the Ecumenical Temple.
  3406 | Temple   | Entered the Ecumenical Temple
  3473 | Temple   | Became a worshipper of Warmaster Okawaru
  3828 | D:5      | Found Ciptuula's Neck Hole.
  3835 | D:5      | Bought a +0 cloak for 58 gold pieces
  4430 | D:5      | Reached XP level 8. HP: 54/67 MP: 12/12
  4694 | D:6      | Reached * piety under Okawaru
  4710 | D:6      | Found a sand-covered staircase.
  4728 | Ossuary  | Entered an ossuary
  5407 | D:6      | Identified the +8 scale mail of the Centipede {MP+9 Str+3}
  5672 | D:6      | Reached XP level 9. HP: 69/73 MP: 14/14
  5840 | D:6      | Reached ** piety under Okawaru
  6045 | D:7      | Found a broken altar of Ashenzari.
  6045 | D:7      | Noticed a hornet
  6053 | D:7      | Killed a hornet
  6230 | D:7      | Found a white marble altar of Elyvilon.
  6441 | D:7      | Reached skill level 5 in Invocations
  6685 | D:7      | Found an ancient bone altar of Kikubaaqudgha.
  6838 | D:7      | Reached *** piety under Okawaru
  6852 | D:7      | Found a runed translucent door.
  6853 | D:7      | Noticed ripuliukko's ghost (novice GrFi)
  7076 | D:7      | Noticed Menkaure
  7079 | D:7      | Killed Menkaure
  7080 | D:7      | Reached skill level 5 in Short Blades
  7080 | D:7      | Reached skill level 5 in Long Blades
  7080 | D:7      | Reached skill level 5 in Maces & Flails
  7080 | D:7      | Reached skill level 5 in Polearms
  7080 | D:7      | Reached skill level 5 in Staves
  7080 | D:7      | Reached skill level 5 in Ranged Weapons
  7080 | D:7      | Reached skill level 5 in Throwing
  7080 | D:7      | Reached skill level 5 in Dodging
  7080 | D:7      | Reached skill level 5 in Stealth
  7080 | D:7      | Reached skill level 5 in Unarmed Combat
  7080 | D:7      | Reached skill level 5 in Spellcasting
  7080 | D:7      | Reached skill level 5 in Evocations
  7080 | D:7      | Reached XP level 10. HP: 81/81 MP: 17/17
  7084 | D:7      | Noticed Maggie
  7095 | D:7      | Killed Maggie
  7454 | D:7      | Killed ripuliukko's ghost
  7581 | D:8      | Gained mutation: You occasionally shout uncontrollably at
                  | your foes. [potion of mutation]
  7581 | D:8      | Gained mutation: You are clumsy. (Dex -2) [potion of
                  | mutation]
  7581 | D:8      | Gained mutation: You expend magic power (3 MP) to
                  | strengthen your wands. [potion of mutation]
  7585 | D:8      | Lost mutation: You occasionally shout uncontrollably at
                  | your foes. [potion of mutation]
  7585 | D:8      | Lost mutation: You expend magic power (3 MP) to strengthen
                  | your wands. [potion of mutation]
  7585 | D:8      | Gained mutation: You have large cloven feet. [potion of
                  | mutation]
  7585 | D:8      | Gained mutation: Your system is resistant to poisons.
                  | (rPois) [potion of mutation]
  7585 | D:8      | Gained mutation: You have hidden genetic potential. [potion
                  | of mutation]
  7831 | D:8      | Reached **** piety under Okawaru
  8246 | D:8      | Identified the +5 scale mail "Efoam" {rN+ Regen+ Str+5
                  | Stlth-}
  8475 | D:9      | Found a staircase to the Lair.
  8595 | D:9      | Found a hazy altar of Hepliaklqana.
  8713 | D:9      | Lost mutation: You have large cloven feet. [potion of
                  | mutation]
  8713 | D:9      | Lost mutation: Your system is resistant to poisons. (rPois)
                  | [potion of mutation]
  8713 | D:9      | Lost mutation: You have hidden genetic potential. [potion
                  | of mutation]
  8713 | D:9      | Gained mutation: Your magical capacity is low. (-10% MP)
                  | [potion of mutation]
  8713 | D:9      | Gained mutation: You are very clumsy. (Dex -4) [potion of
                  | mutation]
  8730 | D:9      | Lost mutation: You are very clumsy. (Dex -4) [potion of
                  | mutation]
  8730 | D:9      | Lost mutation: You are clumsy. (Dex -2) [potion of
                  | mutation]
  8730 | D:9      | Lost mutation: Your magical capacity is low. (-10% MP)
                  | [potion of mutation]
  8730 | D:9      | Gained mutation: You do not regenerate when monsters are
                  | visible. [potion of mutation]
  8730 | D:9      | Gained mutation: Your muscles are strong. (Str +4, Int/Dex
                  | -1) [potion of mutation]
  8730 | D:9      | Gained mutation: You have sharp toenails. [potion of
                  | mutation]
  8730 | D:9      | Gained mutation: Your flesh is heat resistant. (rF+)
                  | [potion of mutation]
  8770 | D:9      | Identified the +2 robe "Qamof" {Str+2}
  8781 | D:9      | Received a gift from Okawaru
  9151 | D:9      | Acquired the +0 pair of boots "Anoit" {rElec rC+ Regen+
                  | Int-5}
  9289 | D:9      | Received a gift from Okawaru
  9580 | D:5      | Bought an amulet of regeneration for 390 gold pieces
  9585 | D:5      | Acquired the Octavo of Quantum Reformation
  9589 | D:5      | Acquired the ring of Fen Doan {rPois Str+4}
  9800 | D:10     | Entered Level 10 of the Dungeon
  9876 | D:10     | Noticed a two-headed ogre
  9886 | D:10     | Killed a two-headed ogre
  9931 | D:10     | Found a glowing silver altar of Zin.
  9990 | D:10     | HP: 4/83 [disintegration (17)]
  9995 | D:10     | Reached skill level 5 in Conjurations
  9995 | D:10     | Reached skill level 5 in Hexes
  9995 | D:10     | Reached skill level 5 in Summonings
  9995 | D:10     | Reached skill level 5 in Necromancy
  9995 | D:10     | Reached skill level 5 in Translocations
  9995 | D:10     | Reached skill level 5 in Transmutations
  9995 | D:10     | Reached skill level 5 in Fire Magic
  9995 | D:10     | Reached skill level 5 in Ice Magic
  9995 | D:10     | Reached skill level 5 in Air Magic
  9995 | D:10     | Reached skill level 5 in Earth Magic
  9995 | D:10     | Reached skill level 5 in Poison Magic
  9995 | D:10     | Reached XP level 11. HP: 16/89 MP: 20/20
 10064 | D:10     | Lost mutation: You have sharp toenails. [potion of
                  | mutation]
 10064 | D:10     | Lost mutation: You do not regenerate when monsters are
                  | visible. [potion of mutation]
 10064 | D:10     | Gained mutation: You are frail. (-10% HP) [potion of
                  | mutation]
 10064 | D:10     | Lost mutation: Your flesh is heat resistant. (rF+) [potion
                  | of mutation]
 10130 | D:10     | Noticed a two-headed ogre
 10133 | D:10     | Killed a two-headed ogre
 10322 | D:10     | Noticed a cyclops
 10325 | D:10     | Killed a cyclops
 10325 | D:10     | Reached ***** piety under Okawaru
 10326 | D:10     | Noticed a catoblepas
 10344 | D:10     | Killed a catoblepas
 10353 | D:10     | Killed by an exploding kobold... ignited by their inner
                  | flame

Illustrated notes

Levels and vault maps discovered:
D:1:      roderic_chinese_lattice_arrival, layout_rooms
D:2:      layout_basic, basic_altar, hellmonk_ecumenical_altar_lost_god
D:3:      layout_basic, mainiacjoe_overflow_surrounded_room,
          nicolae_overflow_crystal_walls, moated_statue, minmay_puff
D:4:      layout_cave_pools, cheibriados_altar_1, kennysheep_generic_room_10,
          uniq_edmund
D:5:      layout_basic, general_overflow_altar, grunt_qazlal_clouds,
          minmay_temple_entry_stoned_glass, nicolae_shop_sticking_my_neck_out
D:6:      layout_loops_ring, enter_ossuary_3, minmay_misc_feat_four_crosses
D:7:      layout_loops_cross, jmf_multi_god_temple,
          lemuel_mausoleum_altar_kikubaaqudgha, ebering_ghost_reflecting_pool,
          uniq_maggie, uniq_menkaure
D:8:      layout_basic, serial_rivers, chequers_serial_rivers_micro_c,
          chequers_serial_rivers_small_b, chequers_serial_rivers_room_b,
          chequers_serial_rivers_micro_d, chequers_serial_rivers_micro_a,
          chequers_serial_rivers_room_b
D:9:      kennysheep_spiral_hall, layout_cave_pools, lemuel_tele_altar,
          lair_entry_dummy
D:10:     layout_basic, mainiacjoe_overflow_brackets,
          nemelex_diamond_rough_becter, hiddenorc1_lemuel, minmay_diamond_spiral
Temple:   jpeg_temple_clearing

Skill      XL: |  1  2  3  4  5  6  7  8  9 10 11 |
---------------+----------------------------------+-----
Invocations    | 1 2 3 4 5 6 7 |  7.0
Short Blades   | 1 2 3 5 6 |  6.3
Long Blades    | 1 2 3 5 6 |  6.3
Maces & Flails | 1 2 3 5 6 |  6.3
Polearms       | 1 2 3 5 6 |  6.3
Staves         | 1 2 3 5 6 |  6.3
Ranged Weapons | 1 2 3 5 6 |  6.3
Throwing       | 1 2 3 5 6 |  6.3
Dodging        | 1 2 3 5 6 |  6.3
Stealth        | 1 2 3 5 6 |  6.3
Unarmed Combat | 1 2 3 5 6 |  6.3
Spellcasting   | 1 2 3 5 6 |  6.3
Evocations     | 1 2 3 5 6 |  6.3
Conjurations   | 1 2 3 4 5 |  5.2
Hexes          | 1 2 3 4 5 |  5.2
Summonings     | 1 2 3 4 5 |  5.2
Necromancy     | 1 2 3 4 5 |  5.2
Translocations | 1 2 3 4 5 |  5.2
Transmutations | 1 2 3 4 5 |  5.2
Fire Magic     | 1 2 3 4 5 |  5.2
Ice Magic      | 1 2 3 4 5 |  5.2
Air Magic      | 1 2 3 4 5 |  5.2
Earth Magic    | 1 2 3 4 5 |  5.2
Poison Magic   | 1 2 3 4 5 |  5.2
Axes           | 5 6 7 |  7.9
Fighting       | 7 8 9 |  9.2
Armour         | 7 8 9 |  9.2
Shields        | 7 8 9 |  9.2

Action                   |  1- 3 |  4- 6 |  7- 9 | 10-12 || total
-------------------------+-------+-------+-------+-------++-------
Melee: War axe           |    95 |    50 |       |       ||   145
       Bite              |     7 |    11 |    19 |    19 ||    56
       Trident           |       |    75 |   226 |   213 ||   514
       Hand axe          |       |       |    59 |       ||    59
       Kick              |       |       |       |     4 ||     4
Throw: Throwing net      |       |       |       |     1 ||     1
Evoke: Wand              |       |       |       |     8 ||     8
  Use: Scroll            |       |    11 |     8 |     6 ||    25
       Potion            |       |       |     5 |    14 ||    19
 Stab: Sleeping          |       |       |     3 |     2 ||     5
Armor: Scale mail        |    51 |    10 |    70 |   125 ||   256
       Chain mail        |       |    39 |    72 |       ||   111
       Skin              |       |       |       |     1 ||     1
Dodge: Dodged            |    38 |    34 |   107 |   107 ||   286
Block: Buckler           |    26 |    24 |   109 |    13 ||   172
       Kite shield       |       |       |       |   143 ||   143
       Reflection        |       |       |       |     6 ||     6
